 Dungeon Crawl Stone Soup version 0.27-a0-802-gbe893936b8 (webtiles) character file.

Game seed: 7944477865302277317

77 Hot the Ducker (level 4, -2/29 (34) HPs)
             Began as a Djinni Gladiator on Mar 28, 2021.
             Slain by a gnoll
             ... wielding a +0 whip
              (4 damage)
             ... on level 4 of the Dungeon.
             The game lasted 00:13:27 (2324 turns).

Hot the Ducker (Djinni Gladiator)                   Turns: 2324, Time: 00:13:28

HP:   -2/29 (34)    AC:  5    Str: 13    XL:     4   Next: 33%
Gold: 37            EV: 13    Int: 10    God:
                    SH:  0    Dex: 15

rFire    + + .     SeeInvis .   a - +0 quarterstaff
rCold    x . .     Faith    .   (shield currently unavailable)
rNeg     . . .     Spirit   .   b - +0 leather armour
rPois    ∞         Reflect  .   c - +0 helmet
rElec    .         Harm     .   k - +0 cloak
rCorr    .         Rampage  .   (no gloves)
Will     .....                  (boots unavailable)
Stlth    +.........             (no amulet)
HPRegen  0.09/turn              h - ring of wizardry
MPRegen  0.00/turn              (no ring)

@: about to teleport, flying, heavily drained
A: fire resistance 2, cold vulnerability 1, float, innate caster, hp casting,
extra vitality 1
a: no special abilities


You were on level 4 of the Dungeon.
You visited 1 branch of the dungeon, and saw 3 of its levels.

You collected 37 gold pieces.

Inventory:

Hand Weapons
 a - a +0 quarterstaff (weapon)
Missiles
 d - 3 throwing nets (quivered)
Armour
 b - a +0 leather armour (worn)
 c - a +0 helmet (worn)
 f - a scarf of invisibility
 k - a +0 cloak (worn)
Jewellery
 h - a ring of wizardry (left hand)
Scrolls
 e - a scroll of amnesia
 i - a scroll of teleportation
Potions
 j - a potion of flight


   Skills:
 + Level 2.6 Fighting
 + Level 3.1 Staves
 + Level 2.1 Throwing
 + Level 1.4 Armour
 + Level 3.8 Dodging


You had 2 spell levels left.
You knew the following spells:

 Your Spells              Type           Power      Damage    Failure   Level
a - Beastly Appendage     Tmut           0%         N/A       19%         1
Your spell library was empty.

Dungeon Overview and Level Annotations

Branches:
Dungeon (2/15)

Altars:

Annotations:
D:4 Dowan, Duvessa


Innate Abilities, Weirdness & Mutations

You are immune to poison.
Your flesh is very heat resistant. (rF++)
You are vulnerable to cold. (rC-)
You float through the air rather than walking.
You learn spells naturally, not from books.
Your magical power is your life essence.
You have superior vitality. (+4 HP)


Message History

Duvessa is heavily wounded.
Duvessa hits you with a +0 short sword!
* * * LOW HITPOINT WARNING * * *
Dowan smirks and points a slender finger.
Duvessa says, "Practise, practise, practise!
One day you'll be as good as me."
Found a stone staircase leading up.
A gnoll comes into view. It is wielding a +0 spear.
A gnoll comes into view. It is wielding a +0 halberd.
The gnoll moves out of view.
A gnoll comes into view. It is wielding a +0 whip.
The gnoll shouts! x2
Dowan points at you and mumbles some strange words.
You resist with some effort.
A gnoll comes into view. It is wielding a +0 whip.
A kobold comes into view. It is wielding a +0 whip.
The gnoll shouts!
The kobold shouts!
Found a grey potion.
You feel better. The gnoll barely misses you. The gnoll misses you.
Duvessa hits you but does no damage.
You hit Duvessa but do no damage.
Duvessa is heavily wounded.
The gnoll closely misses you.
The gnoll hits you from afar with a +0 spear.
Duvessa hits you with a +0 short sword.
You thump Duvessa!
Duvessa is severely wounded.
The gnoll misses you. The gnoll barely misses you.
Duvessa hits you with a +0 short sword!
* * * LOW HITPOINT WARNING * * *
Dowan gestures at Duvessa while chanting.
Duvessa seems to speed up.
The gnoll hits you but does no damage.
As you read the scroll of teleportation, it crumbles to dust.
You feel strangely unstable. Duvessa completely misses you.
The gnoll closely misses you. Duvessa hits you with a +0 short sword.
* * * LOW HITPOINT WARNING * * *
The gnoll closely misses you.
You hit Duvessa.
Duvessa is severely wounded.
The gnoll misses you. The gnoll hits you with a +0 whip.
You die...

.............#.#.
.#.#.#.#######.#.#
........... .# #
.##'##.####
.#...#....# +...'.##.
#...#..#. #
.##+##.##.########g#.#
........#......e@gg<.#
.#.#.#.###..e.####g..#
...#...+....+ K....
....##..##....### .#..
....+....e........ ...
... #############.. !.
... +


You could see Duvessa (fast), Dowan, 4 gnolls and a kobold.

Vanquished Creatures
  2 adders (D:2)
  2 dart slugs
  5 endoplasms
  A giant cockroach (D:1)
  2 goblins (D:1)
  5 hobgoblins (D:1)
  10 jackals
  4 kobolds
  2 quokkas (D:1)
  2 ball pythons (D:1)
  4 bats
  3 frilled lizards
  A giant cockroach zombie (D:2)
  5 rats
48 creatures vanquished.

Notes
Turn   | Place    | Note
-------+----------+-------------------------------------------
     0 | D:1      | Hot the Djinni Gladiator began the quest for the Orb.
     0 | D:1      | Reached XP level 1. HP: 18/18 MP: 0/0
   176 | D:1      | Reached XP level 2. HP: 21/23 MP: 0/0
   625 | D:1      | Reached XP level 3. HP: 29/29 MP: 0/0
   625 | D:1      | Learned a level 1 spell: Beastly Appendage
   629 | D:1      | Reached skill level 1 in Armour
   683 | D:1      | Identified a scroll of acquirement
   683 | D:1      | Acquired a scarf of invisibility
  1983 | D:2      | Reached XP level 4. HP: 27/27 MP: 0/0
  2185 | D:2      | You are sucked into a shaft and drop 2 floors!
  2296 | D:4      | Noticed Duvessa
  2298 | D:4      | Noticed Dowan
  2324 | D:4      | Slain by a gnoll

Illustrated notes

Levels and vault maps discovered:
D:1:      lightli_arrival_noodles, layout_basic, minmay_vboxes
D:2:      layout_loops_cross, minmay_heptomino_d4, uniq_natasha,
          uniq_crazy_yiuf_cottage
D:4:      layout_basic, lemuel_crystal_altar, minmay_misc_feat_doors,
          uniq_duvessa

Skill      XL: |  1  2  3 |
---------------+----------+-----
Armour         | 1 |  1.4
Staves         | 3 |  3.1
Throwing       | 2 |  2.1
Fighting       | |  2.6
Dodging        | |  3.8

Action                   |  1- 3 |  4- 6 || total
-------------------------+-------+-------++-------
Melee: Quarterstaff      |   104 |    32 ||   136
       Headbutt          |       |     4 ||     4
 Cast: Beastly Appendage |     2 |     2 ||     4
 Abil: Evoke Invisibilit |     1 |       ||     1
  Use: Scroll            |     3 |     3 ||     6
       Potion            |       |     1 ||     1
 Stab: Sleeping          |     1 |     1 ||     2
Armor: Leather armour    |    55 |    17 ||    72
Dodge: Dodged            |    96 |    58 ||   154

Table legend: (Time is in decaauts)
 A = Elapsed time spent in this place.
 B = Non-inter-level travel time spent in this place.
 C = Inter-level travel time spent in this place.
 D = Time resting spent in this place.
 E = Time spent auto-exploring this place.
 F = Levels seen in this place.
 G = Mean time per level.
                   A        B        C        D        E       F      G
               +--------+--------+--------+--------+--------+-----+--------+
         Total |   2343 |   2343 |      0 |      0 |   1523 |   3 |  781.0 |
       Dungeon |   2343 |   2343 |      0 |      0 |   1523 |   3 |  781.0 |
               +--------+--------+--------+--------+--------+-----+--------+

Top non-repeatable levels by time:
     D:1: 1498 daAuts
     D:2: 704 daAuts
     D:4: 140 daAuts
